[Event "Early-Titled-Tuesday-Blitz-June-18-2024"]
[Site "Chess.com"]
[Date "2024.06.18"]
[Round "1"]
[White "Vengea_nce"]
[Black "N_I_Chess"]
[Result "1-0"]
[WhiteElo "2647"]
[BlackElo "2314"]
[TimeControl "180+1"]
[EndTime "8:04:45 PDT"]
[Termination "Vengea_nce won by resignation"]

1. e4 Nf6 2. e5 Nd5 3. d4 d6 4.
Nf3 g6 5. Bc4 Nb6 6. Ng5 Nxc4 7.
Qf3 f6 8. Qd5 fxg5 9. Qxc4 e6 10. Nc3 Bg7 11. h4 gxh4 12. exd6 cxd6 13. d5 e5 14. Nb5 Na6 15. Rxh4 Qxh4 16. Qxh4 Bd7 17. Nxd6+ Kf8 18. Bh6 Rd8 1-0

[Event "Early-Titled-Tuesday-Blitz-June-18-2024"]
[Site "Chess.com"]
[Date "2024.06.18"]
[Round "1"]
[White "bazar-wokzal"]
[Black "mfschulz"]
[Result "1-0"]
[WhiteElo "2603"]
[BlackElo "2235"]
[TimeControl "180+1"]
[EndTime "8:04:45 PDT"]
[Termination "bazar-wokzal won by checkmate"]

1. e4 g6 2. Nc3 Bg7 3. h4 h5 4. Nf3 d6 5. Ng5 f6 6. Nh3 e5 7. d4 Bxh3 8. Rxh3 exd4 9. Qxd4 Nc6 10. Qa4 Ne7 11. Be3 Qd7 12. O-O-O a6 13. Rg3 O-O-O 14. Bxa6 bxa6 15. Qxa6+ Kb8 16. Nb5 Qc8 17. Ba7+ Ka8 18.
Qa4 Kb7 19. Rb3 Qe6 20. Nd4+ Qxb3 21. Qxb3+ Kxa7 22. Nb5+ Kb8 23. Nxd6+ Ka8 24. Qb7# 1-0

[Event "Early-Titled-Tuesday-Blitz-June-18-2024"]
[Site "Chess.com"]
[Date "2024.06.18"]
[Round "1"]
[White "ninguno46"]
[Black "shirovin"]
[Result "1-0"]
[WhiteElo "2565"]
[BlackElo "2085"]
[TimeControl "180+1"]
[EndTime "8:04:47 PDT"]
[Termination "ninguno46 won by resignation"]

1. e4 Nf6 2. e5 Nd5 3. d4 d6 4. c4 Nb6 5. exd6 exd6 6. Nc3 Nc6 7. Be3 Be7 8. h3 O-O 9. Nf3 Bf6 10. Be2 Re8 11. O-O Bf5 12. Rc1 Qd7 13. Qd2 Bg6 14. b3 a5 15. d5 Nb8 16. Nd4 Bxd4 17. Bxd4 Na6 18. f4 Nc5 19. Bf3 Ne4 20. Bxe4 Bxe4 21. g4 f5 22. Rce1 Qf7 23. Nxe4 Rxe4 24. Rxe4 fxe4 25.
f5 a4 26. Re1 axb3 27. axb3 Re8 28. Qf4 Qe7 29. f6 gxf6 30. Bxf6 Rf8 31. Qg5+ 1-0

[Event "Early-Titled-Tuesday-Blitz-June-18-2024"]
[Site "Chess.com"]
[Date "2024.06.18"]
[Round "1"]
[White "Mikayel99"]
[Black "HanSchut"]
[Result "1-0"]
[WhiteElo "2612"]
[BlackElo "2259"]
[TimeControl "180+1"]
[EndTime "8:04:50 PDT"]
[Termination "Mikayel99 won by resignation"]

1. e4 c5 2. d4 cxd4 3. Nf3 d6 4.
c3 Nf6 5. Bd3 e6 6. cxd4 d5 7.
Nc3 dxe4 8. Nxe4 Be7 9. O-O O-O 10. b3 Nxe4 11. Bxe4 Nd7 12. d5 Nf6 13. Bd3 exd5 14.
Bb2 Bg4 15. h3 Bh5 16. Re1 Re8 17. Qd2 Bxf3 18. gxf3 Nh5 19. Re5 g6 20. Rxh5 Bf6 21.
Rxd5 Qxd5 22. Bxf6 Re6 23. Bb2 Rd8 24. Qh6 f6 25. Bc4 1-0

[Event "Early-Titled-Tuesday-Blitz-June-18-2024"]
[Site "Chess.com"]
[Date "2024.06.18"]
[Round "1"]
[White "dealshark"]
[Black "Adar_07"]
[Result "0-1"]
[WhiteElo "2455"]
[BlackElo "2797"]
[TimeControl "180+1"]
[EndTime "8:04:54 PDT"]
[Termination "Adar_07 won by resignation"]

1. e4 c6 2. d4 d5 3. Nc3 dxe4 4. Nxe4 Nf6 5. Nxf6+ exf6 6. Nf3 Bg4 7. Bf4 Bd6 8.
Bxd6 Qxd6 9. Be2 O-O 10. O-O Re8 11. c3 Nd7 12. Qd2 c5 13. Rfe1 Rad8 14. Rad1 Nf8 15. d5 Re7 16. c4 Rde8 17. h3 Bh5 18. Bd3 Bxf3 19. gxf3 Nd7 20. Rxe7 Rxe7 21. Re1 Ne5 22. Kg2 g6 23. f4 Nxd3 24. Rxe7 Nxf4+ 25. Kf1 Qxe7 26. Qxf4 Qe5 27. Qd2 Kf8 28. Qa5 b6 29. Qxa7 Qxb2 30. d6 Qb1+ 31. Kg2 Qe4+ 32. Kf1 Qd3+ 33. Kg2 Qxd6 34. Qa8+ Kg7 35. Qe4 Qe6 36. Qb1 h5 37. Qc2 h4 38. Qd2 Qxc4 0-1

[Event "Early-Titled-Tuesday-Blitz-June-18-2024"]
[Site "Chess.com"]
[Date "2024.06.18"]
[Round "1"]
[White "FredddieCroderg"]
[Black "xasid81"]
[Result "1-0"]
[WhiteElo "2308"]
[BlackElo "2612"]
[TimeControl "180+1"]
[EndTime "8:04:55 PDT"]
[Termination "FredddieCroderg won by resignation"]

1. e4 e6 2. d4 d5 3. exd5 exd5 4. Bd3 Nc6 5. c3 Bd6 6. Nf3 Nge7 7. O-O Bf5 8. Re1 Qd7 9. Bg5 f6 10. Bh4 O-O-O 11. b4 Ng6 12. Bg3 Bxd3 13. Qxd3 Nce7 14. a4 Qf5 15. Qf1 h5 16. a5 h4 17. Bxd6 Rxd6 18. h3 Qd7 19. b5 Nf4 20. Nbd2 g5 21.
Nb3 Neg6 22. Nc5 Qf5 23. b6 a6 24. bxc7 Nxh3+ 25. gxh3 Qxf3 26. Re3 Qf5 27. Rb1 Kxc7 28. Rxb7+ Kc8 29. Rb6 Rxb6 30. axb6 1-0

[Event "Early-Titled-Tuesday-Blitz-June-18-2024"]
[Site "Chess.com"]
[Date "2024.06.18"]
[Round "1"]
[White "hakanazeri2"]
[Black "glebus008"]
[Result "1-0"]
[WhiteElo "2680"]
[BlackElo "2364"]
[TimeControl "180+1"]
[EndTime "8:04:57 PDT"]
[Termination "hakanazeri2 won by checkmate"]

1. c4 e6 2. Nf3 d5 3. g3 Nf6 4. Bg2 Be7 5. O-O O-O 6. b3 d4 7.
e3 c5 8. d3 Nc6 9. exd4 cxd4 10. Re1 Re8 11. Ne5 Nxe5 12. Rxe5 Nd7 13. Re1 Bb4 14. Bd2 Bxd2 15. Nxd2 a5 16. a3 Nc5 17. Ne4 Nxe4 18. Bxe4 e5 19. b4 axb4 20. axb4 Rxa1 21. Qxa1 Qb6 22. Qa5 Qh6 23. Qb5 Re6 24. Bf5 Qd2 25. Bxe6 Qxe1+ 26. Kg2 g6 27. Qe8+ Kg7 28.
Qxf7+ Kh6 29. Qf8+ Kh5 30. g4+ Kg5 31. h4+ Kxh4 32.
Qh6# 1-0

[Event "Early-Titled-Tuesday-Blitz-June-18-2024"]
[Site "Chess.com"]
[Date "2024.06.18"]
[Round "1"]
[White "i_like_explosions"]
[Black "Mackster23"]
[Result "0-1"]
[WhiteElo "2413"]
[BlackElo "2729"]
[TimeControl "180+1"]
[EndTime "8:04:59 PDT"]
[Termination "Mackster23 won by resignation"]

1. d4 Nf6 2. Bg5 d5 3. Bxf6 gxf6 4. e3 c5 5. c4 e5 6. dxe5 d4 7. exd4 cxd4 8. Nf3 Nc6 9. exf6 Qxf6 10. Bd3 Rg8 11. Kf1 Bg4 12. Nbd2 O-O-O 13. h3 Bh5 14. a3 Ne5 15.
Be4 d3 16. Qb3 Nc6 17. g4 Bg6 18. Bxg6 fxg6 19. Kg2 Bg7 20. Rab1 Rgf8 21. Rhd1 Ne5 22. Nxe5 Qxf2+ 23. Kh1 Bxe5 0-1

[Event "Early-Titled-Tuesday-Blitz-June-18-2024"]
[Site "Chess.com"]
[Date "2024.06.18"]
[Round "1"]
[White "ArrestingPieces"]
[Black "luachess1"]
[Result "1-0"]
[WhiteElo "2551"]
[BlackElo "1912"]
[TimeControl "180+1"]
[EndTime "8:05:00 PDT"]
[Termination "ArrestingPieces won on time"]

1. e4 e6 2. d4 d5 3. Nd2 Nf6 4.
e5 Nfd7 5. Bd3 c5 6. c3 Nc6 7.
Ne2 Qb6 8. Nf3 Be7 9. O-O O-O 10. Nf4 cxd4 11. cxd4 h6 12. Bb1 Nd8 13. Qd3 f5 14. exf6 Nxf6 15. Ne5 Qd6 16. Nfg6 Re8 17. Qh3 Nf7 18.
Bxh6 Nxe5 19. dxe5 Qxe5 20. Nxe5 gxh6 21. Qxh6 1-0

[Event "Early-Titled-Tuesday-Blitz-June-18-2024"]
[Site "Chess.com"]
[Date "2024.06.18"]
[Round "1"]
[White "MagnusCarlsen"]
[Black "whiteglovethief"]
[Result "1-0"]
[WhiteElo "3185"]
[BlackElo "2547"]
[TimeControl "180+1"]
[EndTime "8:05:01 PDT"]
[Termination "MagnusCarlsen won by resignation"]

1. e4 e6 2. Qe2 d5 3. exd5 Nf6 4.
Nf3 Be7 5. dxe6 Bxe6 6. d4 O-O 7.
Qd1 Bg4 8. Be2 Nc6 9. c3 Bd6 10. O-O Re8 11. Bg5 Qd7 12. Bxf6 gxf6 13. Nbd2 Kh8 14. Re1 Rg8 15. Nf1 f5 16. d5 Ne7 17.
Qd4+ Rg7 18. Ng3 Bxg3 19. hxg3 Qxd5 20. Qxd5 Nxd5 21. Rad1 c6 22. c4 Nb6 23. b3 f6 24.
Nh4 Re8 25. f3 Bh5 26. Nxf5 Rg5 27. g4 Bg6 28. f4 Rxf5 29. gxf5 Bxf5 30. Bf3 1-0

[Event "Early-Titled-Tuesday-Blitz-June-18-2024"]
[Site "Chess.com"]
[Date "2024.06.18"]
[Round "1"]
[White "Naruto75_3"]
[Black "RandomNoob04"]
[Result "0-1"]
[WhiteElo "2477"]
[BlackElo "2835"]
[TimeControl "180+1"]
[EndTime "8:05:02 PDT"]
[Termination "RandomNoob04 won by resignation"]

1. d4 Nf6 2. c4 c5 3. Nc3 cxd4 4.
Qxd4 Nc6 5. Qd1 e6 6. Nf3 d5 7.
e3 Bd6 8. Bd3 O-O 9. O-O dxc4 10. Bxc4 a6 11. Qe2 b5 12. Bd3 Bb7 13. Rd1 Qc7 14. h3 Ne5 15. Nxe5 Bxe5 16. Bd2 Rfd8 17. Rac1 Qe7 18. e4 Rd7 19. f4 Bd4+ 20. Kh2 Rad8 21.
e5 Nd5 22. Qe4 g6 23. Qxd4 Nxc3 24. Qxc3 Rxd3 25. Qc7 Qxc7 26. Rxc7 Bxg2 27. Kxg2 Rxd2+ 28. Rxd2 Rxd2+ 29. Kf3 Rxb2 30. Rc8+ Kg7 31. Rc3 Rxa2 32. Rc6 b4 33. Rb6 a5 34. Rb5 Ra3+ 35. Kg2 b3 36.
Kg3 a4 37. Kf2 Ra2+ 38. Ke3 b2 39. Kd3 a3 40. Kc2 Ra1 41. Rb3 Rc1+ 42. Kd2 b1=Q 43.
Rxb1 Rxb1 44. Kc2 a2 0-1

[Event "Early-Titled-Tuesday-Blitz-June-18-2024"]
[Site "Chess.com"]
[Date "2024.06.18"]
[Round "1"]
[White "Art10ECHR"]
[Black "Vladimir_Zakhartsov"]
[Result "0-1"]
[WhiteElo "2502"]
[BlackElo "2902"]
[TimeControl "180+1"]
[EndTime "8:05:05 PDT"]
[Termination "Vladimir_Zakhartsov won by resignation"]

1. d4 Nf6 2. c4 e6 3. Nc3 Bb4 4. a3 Bxc3+ 5. bxc3 d6 6. f3 e5 7. e4 O-O 8. Bd3 Nc6 9. Ne2 Na5 10. O-O c5 11. d5 Nd7 12. Ng3 Nb6 13. Qe2 Nb3 14. Rb1 Nxc1 15. Rbxc1 g6 16. f4 exf4 17. Rxf4 Nd7 18.
Rcf1 Ne5 19. Nh5 gxh5 20. Qxh5 f6 21. Be2 Qe7 22. g4 Bd7 23. Kh1 Be8 24. Qh3 Bg6 25.
Qg2 Rae8 26. h4 h6 27. h5 Bh7 28. Qg3 Kg7 29. Qh4 Nf7 30. Bd3 Ng5 31. Re1 Qe5 32.
Qf2 Nh3 0-1

[Event "Early-Titled-Tuesday-Blitz-June-18-2024"]
[Site "Chess.com"]
[Date "2024.06.18"]
[Round "1"]
[White "Aygehovit1992"]
[Black "CFalcons8"]
[Result "1-0"]
[WhiteElo "2792"]
[BlackElo "2454"]
[TimeControl "180+1"]
[EndTime "8:05:05 PDT"]
[Termination "Aygehovit1992 won by checkmate"]

1. e4 e5 2. Nf3 Nc6 3. Bb5 a6 4. Ba4 Nf6 5. O-O Be7 6. Re1 b5 7. Bb3 O-O 8. a4 Bb7 9. d3 d6 10. Nc3 b4 11. Nd5 Rb8 12. a5 Nxd5 13. exd5 Na7 14.
d4 exd4 15. Nxd4 Bf6 16. Nf5 Qd7 17. Qg4 Kh8 18. Bg5 Bxb2 19. Re7 Qb5 20. Bc4 Qc5 21. Be3 Qxe3 22. Rxe3 Bxa1 23. Rh3 Bc8 24. Rxh7+ Kxh7 25. Qh5+ Kg8 26. Ne7# 1-0

[Event "Early-Titled-Tuesday-Blitz-June-18-2024"]
[Site "Chess.com"]
[Date "2024.06.18"]
[Round "1"]
[White "Supelyel"]
[Black "monomita"]
[Result "0-1"]
[WhiteElo "2444"]
[BlackElo "2783"]
[TimeControl "180+1"]
[EndTime "8:05:05 PDT"]
[Termination "monomita won by resignation"]

1. c4 e6 2. Nc3 c5 3. Nf3 Nc6 4. g3 d5 5. cxd5 exd5 6. d4 Nf6 7. Bg2 c4 8. O-O Bb4 9. Ne5 O-O 10. Bg5 Be6 11. e4 dxe4 12. Nxe4 Nxd4 13. Bxf6 gxf6 14. Ng4 Be7 15. Nh6+ Kg7 16. Qh5 Qd5 17. Qh3 Bxh3 0-1

[Event "Early-Titled-Tuesday-Blitz-June-18-2024"]
[Site "Chess.com"]
[Date "2024.06.18"]
[Round "1"]
[White "Rutricks"]
[Black "falzehope0"]
[Result "1-0"]
[WhiteElo "2755"]
[BlackElo "2424"]
[TimeControl "180+1"]
[EndTime "8:05:05 PDT"]
[Termination "Rutricks won by resignation"]

1. Nc3 d6 2. d4 Nf6 3. g3 Nbd7 4.
Bg2 e5 5. Nf3 Be7 6. dxe5 dxe5 7.
e4 O-O 8. Qe2 c6 9. h3 Qc7 10.
O-O Re8 11. a4 Nf8 12. a5 Ng6 13. a6 b6 14. b3 h6 15. Bb2 Bd7 16. Nb1 Bf8 17.
Nbd2 Qc8 18. Kh2 Nh7 19. Nc4 Qc7 20. Ne3 Qc8 21. Nf5 Bxf5 22. exf5 Qxf5 23. Nd2 Qe6 24.
Rfe1 Rac8 25. Nc4 f6 26. Ne3 Ng5 27. h4 Nh7 28. Be4 Ne7 29. Qd3 f5 30. Nxf5 Nf6 31. Nxe7+ Qxe7 32. Bf5 Rcd8 33. Qc4+ Kh8 34. Rxe5 Qc7 35.
Rae1 Bd6 36. Rxe8+ Nxe8 37. Qe6 Nf6 38. Bxf6 gxf6 39.
Qxf6+ Kg8 40. Qxh6 Rf8 41. Be6+ Rf7 42. Bxf7+ Kxf7 43. Qe6+ Kf8 44. Re3 Kg7 45. Re4 Bc5 46. Rg4+ Kh7 47.
Qg8+ 1-0

[Event "Early-Titled-Tuesday-Blitz-June-18-2024"]
[Site "Chess.com"]
[Date "2024.06.18"]
[Round "1"]
[White "harkerchess"]
[Black "Commando_Droid"]
[Result "0-1"]
[WhiteElo "2382"]
[BlackElo "2702"]
[TimeControl "180+1"]
[EndTime "8:05:09 PDT"]
[Termination "Commando_Droid won by checkmate"]

1. Nf3 d5 2. c4 d4 3. e3 Nc6 4. exd4 Nxd4 5. Nxd4 Qxd4 6. Nc3 e5 7. Nb5 Qd8 8. Be2 c6 9. Nc3 Nf6 10. O-O Bc5 11. d3 O-O 12. Ne4 Bd4 13. Qc2 Bf5 14.
Bg5 Bxe4 15. dxe4 h6 16. Bd2 Qb6 17. Rab1 Rfd8 18. Bf3 a5 19. Rfe1 c5 20. g3 h5 21.
Bg5 g6 22. Bg2 Rd6 23. Bxf6 Rxf6 24. Rf1 Kg7 25. Kh1 h4 26. f4 hxg3 27. fxe5 Rxf1+ 28. Rxf1 Rh8 29. h3 Qe6 30. Rf5 gxf5 31. Qd2 Qh6 32. Qe1 Qe3 33. Qd1 Qf2 34. exf5 Rxh3+ 35. Bxh3 Qh2# 0-1

[Event "Early-Titled-Tuesday-Blitz-June-18-2024"]
[Site "Chess.com"]
[Date "2024.06.18"]
[Round "1"]
[White "palombie"]
[Black "kleinebeer98"]
[Result "0-1"]
[WhiteElo "2518"]
[BlackElo "2943"]
[TimeControl "180+1"]
[EndTime "8:05:12 PDT"]
[Termination "kleinebeer98 won by resignation"]

1. e4 e5 2. Nf3 Nc6 3. Bb5 f5 4. Bxc6 dxc6 5. Nc3 Nf6 6. Qe2 Bd6 7.
d4 exd4 8. e5 O-O 9. Qc4+ Kh8 10. Ne2 b5 11. Qb3 c5 12. exd6 Qxd6 13. O-O Nd5 14.
Ng3 a6 15. a4 c4 16. Qa3 b4 17. Qa2 Qc5 18. Nd2 c3 19. Nf3 Be6 20. bxc3 dxc3 21. Ng5 Bg8 22. Qb1 Rab8 23. Ne2 h6 24. Nf3 Qc4 25.
Qb3 Qxe2 26. Re1 Nf4 27. Bxf4 Qxe1+ 28. Rxe1 Bxb3 29. cxb3 Rfe8 30. Rc1 Re7 31. Ne5 Re6 32. h4 Rbe8 33. Nd3 a5 34. Be3 Rd6 35. Nf4 Red8 36.
Kh2 g5 37. hxg5 hxg5 38. Nh3 f4 39. Bc5 Rd1 40. Rxd1 Rxd1 41. Nxg5 c2 0-1

[Event "Early-Titled-Tuesday-Blitz-June-18-2024"]
[Site "Chess.com"]
[Date "2024.06.18"]
[Round "1"]
[White "Rosh1610"]
[Black "Mysterio47"]
[Result "0-1"]
[WhiteElo "2476"]
[BlackElo "2833"]
[TimeControl "180+1"]
[EndTime "8:05:12 PDT"]
[Termination "Mysterio47 won by resignation"]

1. e4 d6 2. d4 Nf6 3. Nc3 e6 4. Nf3 Be7 5. Bd3 Nc6 6. O-O O-O 7.
Bf4 a6 8. Be3 e5 9. d5 Nb8 10.
h3 Nbd7 11. Nh2 h6 12. f4 exf4 13. Bxf4 Nh7 14. Ng4 Bg5 15. Bh2 Nhf6 16. Be2 Nxg4 17. Bxg4 Be7 18. Ne2 Bf6 19. c3 Ne5 20. Bxc8 Rxc8 21.
Nd4 g6 22. Bf4 Bg7 23. b3 Qe7 24. Qd2 Kh7 25. Rae1 Rce8 26. Kh1 Nd7 27. Nf3 Qd8 28. Re2 Re7 29. Rfe1 Rfe8 30. c4 Qb8 31. b4 Qa7 32.
Be3 Qb8 33. Bd4 Ne5 34. Nxe5 Bxe5 35. Bxe5 Rxe5 36. Rf2 R8e7 37. Rf4 Qe8 38. Qf2 Kg7 39. h4 Rxe4 40. Qb2+ Kg8 41. Rexe4 Rxe4 42. Rxe4 Qxe4 43. Qf2 Qxc4 44. Qf3 Qxb4 45. Qf6 Qe1+ 46. Kh2 Qe5+ 0-1

[Event "Early-Titled-Tuesday-Blitz-June-18-2024"]
[Site "Chess.com"]
[Date "2024.06.18"]
[Round "1"]
[White "lagedema"]
[Black "Alex_Sahakyan2006"]
[Result "0-1"]
[WhiteElo "2437"]
[BlackElo "2774"]
[TimeControl "180+1"]
[EndTime "8:05:14 PDT"]
[Termination "Alex_Sahakyan2006 won by resignation"]

1. d4 Nf6 2. Bg5 c5 3. d5 Qb6 4. b3 Ne4 5. Bd2 Qf6 6. f3 Qh4+ 7. g3 Nxg3 8. Bg5 Qxg5 9. hxg3 Qxg3+ 10. Kd2 Qe5 11. Na3 Qd4+ 12. Ke1 Qb4+ 13. c3 Qxa3 14. e4 g6 15. Ne2 Bg7 16. Qd2 d6 17. Bh3 Bxh3 18. Rxh3 Nd7 19. f4 h5 20. e5 dxe5 21. f5 gxf5 22. Qg5 Bf6 23. Qxf5 Rg8 24. Qh7 O-O-O 25. Qxf7 Qb2 26. Rc1 Rg2 27. Qxh5 Rxe2+ 28. Qxe2 Qxc1+ 29. Kf2 Rf8 30. Kg2 Rg8+ 31. Rg3 Rxg3+ 32.
Kxg3 Qxc3+ 33. Kg4 Qd4+ 34. Kf5 Qxd5 35. Qh5 e4+ 36.
Kg6 Qxh5+ 37. Kxh5 e3 38. b4 e2 39. bxc5 e1=Q 40.
c6 Ne5 41. cxb7+ Kb8 0-1

[Event "Early-Titled-Tuesday-Blitz-June-18-2024"]
[Site "Chess.com"]
[Date "2024.06.18"]
[Round "1"]
[White "Renatoforf"]
[Black "MKlose11"]
[Result "0-1"]
[WhiteElo "2116"]
[BlackElo "2567"]
[TimeControl "180+1"]
[EndTime "8:05:15 PDT"]
[Termination "MKlose11 won by resignation"]

1. e4 e6 2. d4 d5 3. e5 c5 4. c3 Nc6 5. Nf3 Qb6 6. Na3 cxd4 7.
cxd4 Bxa3 8. bxa3 Nge7 9. Bd3 Bd7 10. Be3 Na5 11. Rb1 Qc7 12. O-O Rc8 13. Qe2 Nc4 14. Rfc1 h6 15. Nd2 b5 16. a4 a6 17. axb5 axb5 18. a4 bxa4 19. Nxc4 dxc4 20. Bxc4 Qd8 21. Bb5 O-O 22. Rxc8 Qxc8 23. Bxd7 Qxd7 24. Qa6 Nd5 25. h3 Rc8 26. Rb7 Qc6 27. Qxc6 Rxc6 28. Ra7 Rc4 29. Kf1 g5 30. Ke2 Kg7 31. Kd3 Rb4 32. Bd2 Rb3+ 33. Kc2 Ra3 34. Kb2 Rd3 35. Kc2 Rxd4 36. Ra5 Re4 37.
f3 Re2 0-1

[Event "Early-Titled-Tuesday-Blitz-June-18-2024"]
[Site "Chess.com"]
[Date "2024.06.18"]
[Round "1"]
[White "Juicy_Fork"]
[Black "Forge13"]
[Result "1-0"]
[WhiteElo "2411"]
[BlackElo "2692"]
[TimeControl "180+1"]
[EndTime "8:05:16 PDT"]
[Termination "Juicy_Fork won by checkmate"]

1. e4 e6 2. d4 d5 3. Nc3 Nf6 4. Bg5 dxe4 5. Nxe4 Be7 6. Bxf6 gxf6 7. c3 f5 8. Ng3 c5 9. Nf3 Nc6 10.
Bb5 Qb6 11. a4 a6 12. Bxc6+ bxc6 13. dxc5 Bxc5 14. O-O a5 15. Rb1 Ba6 16. Re1 Bxf2+ 17. Kh1 Bxe1 18. Qxe1 O-O 19. Nh5 Qc7 20. Nf6+ Kg7 21.
Qh4 h6 22. Nh5+ Kh7 23. Nf6+ Kg6 24. g4 f4 25. g5 h5 26. Qxh5+ Kf5 27. Re1 Rh8 28.
Nh4# 1-0

[Event "Early-Titled-Tuesday-Blitz-June-18-2024"]
[Site "Chess.com"]
[Date "2024.06.18"]
[Round "1"]
[White "Ati1517"]
[Black "aksuliini1"]
[Result "0-1"]
[WhiteElo "2003"]
[BlackElo "2562"]
[TimeControl "180+1"]
[EndTime "8:05:17 PDT"]
[Termination "aksuliini1 won by resignation"]

1. e4 c6 2. d4 d5 3. Nc3 dxe4 4. Nxe4 Nf6 5. Nxf6+ exf6 6. Bc4 Bd6 7. Qe2+ Qe7 8.
Qxe7+ Kxe7 9. Be3 Be6 10. Bd3 Nd7 11. O-O-O Nb6 12. a3 Nc4 13. Ne2 Nxe3 14. fxe3 Rhe8 15. e4 Kf8 16. h3 Rad8 17. c4 c5 18. d5 Bd7 19.
Rhf1 Be5 20. g4 g6 21. Rf3 Kg7 22. Rdf1 Re7 23. Nc3 Rh8 24. Kc2 h5 25. d6 Re6 26.
Nd5 hxg4 27. hxg4 Rxd6 28. g5 Rh2+ 29. Kd1 Bg4 30. gxf6+ Bxf6 0-1

[Event "Early-Titled-Tuesday-Blitz-June-18-2024"]
[Site "Chess.com"]
[Date "2024.06.18"]
[Round "1"]
[White "Oleg_Papayan"]
[Black "eltenedor"]
[Result "1-0"]
[WhiteElo "2571"]
[BlackElo "2124"]
[TimeControl "180+1"]
[EndTime "8:05:18 PDT"]
[Termination "Oleg_Papayan won by resignation"]

1. d4 b6 2. e4 Bb7 3. Bd3 e6 4. Nf3 d6 5. O-O g6 6. Bg5 f6 7.
Bh4 Bg7 8. Re1 Ne7 9. e5 dxe5 10. dxe5 f5 11. Ng5 Qd7 12. Bf1 Nd5 13. c4 Nb4 14. Na3 Qe7 15. Nxe6 Qxe6 16. Qd8+ Kf7 17. Qxc7+ Qd7 18.
e6+ 1-0

[Event "Early-Titled-Tuesday-Blitz-June-18-2024"]
[Site "Chess.com"]
[Date "2024.06.18"]
[Round "1"]
[White "Stouuf"]
[Black "inagreV"]
[Result "1-0"]
[WhiteElo "2766"]
[BlackElo "2428"]
[TimeControl "180+1"]
[EndTime "8:05:21 PDT"]
[Termination "Stouuf won by resignation"]

1. e4 Nc6 2. Nf3 d6 3. d4 Nf6 4. Nc3 g6 5. h3 Bg7 6. Be3 O-O 7. Qd2 a6 8. d5 Nb8 9. O-O-O c6 10. Kb1 b5 11. a3 Bb7 12. Bh6 cxd5 13. Bxg7 Kxg7 14.
exd5 Nbd7 15. Qd4 Nb6 16. g4 Kg8 17. Bg2 Nfxd5 18. Nxd5 Bxd5 19. Rhe1 Rc8 20. Nh4 Bxg2 21. Nxg2 Nc4 22. Ne3 Qd7 23. Nd5 Rfe8 24. Rxe7 Qxe7 25. Nxe7+ Rxe7 26. h4 Re2 27. h5 Rce8 28. h6 R2e5 29. f4 1-0

[Event "Early-Titled-Tuesday-Blitz-June-18-2024"]
[Site "Chess.com"]
[Date "2024.06.18"]
[Round "1"]
[White "VirtualCoach"]
[Black "LeRoidesChampions"]
[Result "0-1"]
[WhiteElo "2342"]
[BlackElo "2657"]
[TimeControl "180+1"]
[EndTime "8:05:21 PDT"]
[Termination "LeRoidesChampions won by resignation"]

1. e4 Nf6 2. e5 Nd5 3. c4 Nb6 4. d4 d6 5. f4 dxe5 6. fxe5 Bf5 7. Nf3 e6 8. Be2 Nc6 9. Be3 Bb4+ 10. Nc3 Na5 11. O-O Bxc3 12. bxc3 O-O 13. c5 Nd5 14. Bd2 Nc6 15. c4 Ndb4 16. Bc3 Nc2 17. Qd2 Nxa1 18. Rxa1 Qe7 19. Qe3 Rad8 20. Rd1 Rd7 21. d5 Rfd8 22. d6 Qf8 23. Rd2 b6 24. Nh4 bxc5 25. Nxf5 exf5 26. Qxc5 Nb8 27. dxc7 Qxc5+ 28. Bd4 Rxd4 29. cxd8=Q+ Rxd8+ 0-1

[Event "Early-Titled-Tuesday-Blitz-June-18-2024"]
[Site "Chess.com"]
[Date "2024.06.18"]
[Round "1"]
[White "LangesNasenhaar"]
[Black "superchess02"]
[Result "0-1"]
[WhiteElo "2498"]
[BlackElo "2876"]
[TimeControl "180+1"]
[EndTime "8:05:24 PDT"]
[Termination "superchess02 won by resignation"]

1. Nf3 b6 2. e3 Bb7 3. b3 Nf6 4. Bb2 e6 5. d4 c5 6. Nbd2 Be7 7. Bd3 O-O 8. O-O d5 9. Ne5 Nbd7 10. f4 Rc8 11. Rc1 cxd4 12. exd4 Ne4 13. Qe2 f5 14. c3 Nxe5 15. fxe5 Bg5 16. Bxe4 dxe4 17. Rcd1 Qe8 18. c4 Qg6 19. g3 f4 20. h4 Bh6 21.
Qh2 e3 22. Nf3 fxg3 23. Qg2 Qe4 24. d5 e2 0-1

[Event "Early-Titled-Tuesday-Blitz-June-18-2024"]
[Site "Chess.com"]
[Date "2024.06.18"]
[Round "1"]
[White "LLariMarc"]
[Black "Durarbayli"]
[Result "0-1"]
[WhiteElo "2514"]
[BlackElo "2937"]
[TimeControl "180+1"]
[EndTime "8:05:25 PDT"]
[Termination "Durarbayli won by resignation"]

1. d4 Nf6 2. Nf3 d5 3. Bf4 c5 4. e3 Nc6 5. Nbd2 Qb6 6. dxc5 Qxb2 7. Rb1 Qc3 8. Bb5 e6 9. Ne5 Bd7 10. Nxd7 Nxd7 11. O-O Bxc5 12. Nb3 O-O 13. Nxc5 Qxc5 14. c4 Nb6 15. Bxc6 bxc6 16. cxd5 cxd5 17. Be5 f6 18. Bd4 Qd6 19. Qb3 Nc4 20. Qb4 Rfc8 21. Qxd6 Nxd6 22.
Rfc1 Rxc1+ 23. Rxc1 Rc8 24. Rb1 Nb5 25. g3 Nxd4 26.
exd4 Rc4 27. Rb8+ Kf7 28. Rb7+ Kg6 29. Rxa7 Rxd4 30. Kg2 Rd2 31. Kf3 e5 32. h4 h5 33.
a4 Ra2 34. a5 d4 35. a6 Kf5 36. Rxg7 e4+ 37. Kg2 e3 38. a7 e2 39. Re7 d3 40.
Kf3 Rxa7 0-1

[Event "Early-Titled-Tuesday-Blitz-June-18-2024"]
[Site "Chess.com"]
[Date "2024.06.18"]
[Round "1"]
[White "Patricius007"]
[Black "dropstoneDP"]
[Result "0-1"]
[WhiteElo "2531"]
[BlackElo "2974"]
[TimeControl "180+1"]
[EndTime "8:05:26 PDT"]
[Termination "dropstoneDP won by checkmate"]

1. Nf3 d5 2. c4 d4 3. b4 c5 4. Bb2 Nf6 5. bxc5 Nc6 6. e3 e5 7. Qa4 Bd7 8. exd4 e4 9. d5 exf3 10. Qb3 Qe7+ 11. Kd1 Ne4 12. Qxf3 Bg4 13. Qxg4 Nxf2+ 14.
Kc1 Qe1+ 15. Kc2 Nb4+ 16. Kb3 Nxg4 17. Kxb4 Nf2 18. Rg1 Ne4 19. Nc3 Bxc5+ 20. Kb5 a6+ 21. Ka4 Qxd2 22. Nxe4 Qb4# 0-1

[Event "Early-Titled-Tuesday-Blitz-June-18-2024"]
[Site "Chess.com"]
[Date "2024.06.18"]
[Round "1"]
[White "19912131712118"]
[Black "js20000"]
[Result "0-1"]
[WhiteElo "2441"]
[BlackElo "2776"]
[TimeControl "180+1"]
[EndTime "8:05:27 PDT"]
[Termination "js20000 won by resignation"]

1. e4 d6 2. d4 Nf6 3. Nc3 e6 4. Nf3 Be7 5. Be2 a6 6. a4 b6 7.
O-O Bb7 8. e5 dxe5 9. dxe5 Qxd1 10. Rxd1 Nfd7 11. Bf4 Nc6 12. h4 h6 13. h5 O-O-O 14.
Bf1 Nb4 15. Rd2 Bxf3 16. gxf3 Nc5 17. Rad1 Rxd2 18. Rxd2 Rd8 19. Re2 Bg5 20. Be3 Bxe3 21. fxe3 g5 22. hxg6 Rg8 23. Kf2 Rxg6 24. f4 f6 25. exf6 Rxf6 26. Rd2 e5 27. Bh3+ Kb7 28. f5 Nc6 29. Rd5 Nb4 30. Rxe5 Nbd3+ 31. Kf3 Nxe5+ 0-1

[Event "Early-Titled-Tuesday-Blitz-June-18-2024"]
[Site "Chess.com"]
[Date "2024.06.18"]
[Round "1"]
[White "Feegus"]
[Black "laskakid"]
[Result "1-0"]
[WhiteElo "2669"]
[BlackElo "2362"]
[TimeControl "180+1"]
[EndTime "8:05:29 PDT"]
[Termination "Feegus won by checkmate"]

1. e4 d6 2. d4 Nf6 3. Nc3 e5 4.
Nf3 Nbd7 5. g4 Nxg4 6. Rg1 Ngf6 7. Bc4 h6 8. dxe5 dxe5 9. Be3 c6 10. Qd3 b5 11. Bb3 a5 12. O-O-O b4 13. Bxf7+ Kxf7 14. Nxe5+ Kg8 15. Qc4+ Kh7 16. Nf7 Qc7 17. Nb5 Qb8 18.
Qxc6 Ra6 19. Qc4 Rg8 20. f4 Nb6 21. Qd3 g6 22. Nbd6 Bxd6 23. Nxd6 Rd8 24. e5 Ne8 25. Qxg6+ Kh8 26. Qg8# 1-0